AoeStats
← C.R.O

Nomad

508987854Analyzed
3v3 RM · 7d ago on Sep 25, 2026· 47m 15s· 6 players
Game mode
Random Map
Map size
210×210
Population
200
Speed
Normal
Resources
Standard
Victory
Conquest
Starting age
Dark Age
Ending age
Imperial Age
RankedLock teamsTeams togetherTeam positionsShared explorationLock speedFull tech treeHidden civsTurbo modeCheats
Victory
Defeat
🇺🇸 Danes · United States
988
+13
🇨🇱 Mongols · Chile
984
+13
🇨🇴 Franks · Colombia
970
+13
🇺🇾 Huns · Uruguay
961
-15
🇺🇾 Varangians · Uruguay
945
-14
🇺🇾 Shu · Uruguay
831
-10
kavobi
7:52 Loom
17:29 Feudal Age
19:00 Fishing Lines
21:58 Castle Age
22:13 Double-Bit Axe
23:04 Gillnets
24:46 Ordonnance Companies
26:18 Gold Mining
26:21 Stone Mining
26:43 Bow Saw
27:16 Husbandry
27:52 Treadmill Crane
29:46 Fletching
33:59 Imperial Age
33:35 Ballistics
33:24 Scale Barding Armor
33:30 Forging
35:01 Wheelbarrow
36:19 Hand Cart
36:45 Chain Barding Armor
37:00 Iron Casting
37:11 Cavalier
41:06 Plate Barding Armor
41:31 Blast Furnace
40:54 Chivalry
41:18 Conscription
40:37 Paladin
43:09 Chemistry
43:27 Gold Shaft Mining
43:07 Scale Mail Armor
43:06 Bodkin Arrow
43:05 Town Watch
46:06 Siege Engineers
45:57 Murder Holes
eL_MataTan
3:26 Loom
14:00 Feudal Age
15:10 Double-Bit Axe
19:22 Castle Age
19:10 Fishing Lines
19:47 Padded Archer Armor
19:38 Fletching
20:58 Gillnets
22:24 Wheelbarrow
23:44 Thumb Ring
24:50 Leather Archer Armor
27:44 Bodkin Arrow
29:18 Stone Mining
29:18 Gold Mining
29:58 Scale Barding Armor
31:48 Town Watch
32:45 Hand Cart
32:58 Bow Saw
35:11 Ballistics
35:15 Chain Barding Armor
38:55 Gold Shaft Mining
38:51 Horse Collar
39:18 Murder Holes
44:25 Imperial Age
43:16 Forging
43:21 Bloodlines
43:11 Husbandry
42:36 Light Cavalry
44:32 Onager
45:35 Conscription
45:49 Heavy Plow
47:11 Bracer
48:30 Chemistry
MapleMilk0_0
6:12 Loom
13:32 Feudal Age
14:15 Double-Bit Axe
13:52 Man-at-Arms
15:31 Forging
15:29 Arson
15:45 Horse Collar
17:57 Fishing Lines
22:59 Castle Age
21:12 Gold Mining
22:20 Scale Mail Armor
22:27 Fletching
24:19 Iron Casting
23:36 Gillnets
24:11 Bow Saw
24:40 Gold Shaft Mining
25:04 Chain Mail Armor
24:51 Gambesons
25:07 Squires
27:16 Wheelbarrow
27:57 Heavy Plow
29:59 Hand Cart
29:31 Town Watch
33:24 Bodkin Arrow
39:16 Imperial Age
41:30 Elite Jomsviking
44:59 Blast Furnace
46:20 Hamask
canarias
6:59 Loom
15:03 Feudal Age
16:31 Fishing Lines
17:05 Bloodlines
17:55 Town Watch
19:20 Double-Bit Axe
22:55 Castle Age
22:10 Double-Bit Axe
24:00 Bow Saw
23:43 Gold Mining
26:32 Wheelbarrow
25:54 Gillnets
26:49 Fletching
26:59 Padded Archer Armor
27:45 Ballistics
29:56 Forging
29:52 Scale Barding Armor
30:17 Bodkin Arrow
30:37 Leather Archer Armor
30:31 Husbandry
34:21 Iron Casting
34:06 Chain Barding Armor
36:40 Stone Mining
37:07 Hand Cart
47:30 Imperial Age
braianr1318
5:27 Loom
15:37 Feudal Age
21:58 Wheelbarrow
23:59 Castle Age
22:59 Bloodlines
23:05 Forging
27:28 Husbandry
28:29 Hand Cart
32:54 Iron Casting
38:10 Scale Barding Armor
42:25 Imperial Age
45:33 Blast Furnace
44:54 Chain Barding Armor
45:35 Cavalier
C.R.O
6:51 Loom
14:30 Feudal Age
12:48 Loom
16:34 Double-Bit Axe
19:27 Town Watch
20:18 Wheelbarrow
24:50 Forging
27:06 Castle Age
27:06 Scale Mail Armor
26:59 Fletching
27:10 Padded Archer Armor
30:01 Elite Skirmisher
42:31 Imperial Age
40:52 Masonry
41:47 Gold Mining
43:13 Thumb Ring
43:58 Ballistics
Connection lost

Rejoining the realm…

Still unreachable

The connection could not be restored.

Session expired

The server has moved on; the page needs a fresh start.